 Dungeon Crawl Stone Soup version 0.30.0-5-g1a98f26d00 (webtiles) character file.

Game seed: 13854821432917648117

281 AarnesTheHuman the Shield-Bearer (level 6, -7/45 (53) HPs)
             Began as a Gnoll Fighter on May 10, 2023.
             Mangled by Eustachio
             ... wielding a +5 rapier of draining
              (9 damage)
             ... on level 4 of the Dungeon.
             The game lasted 00:03:53 (2967 turns).

AarnesTheHuman the Shield-Bearer (Gnoll Fighter)    Turns: 2967, Time: 00:03:54

HP:   -7/45 (53)    AC:  8    Str: 18    XL:     6   Next: 27%
MP:   9/9           EV: 10    Int:  7    God:
Gold: 159           SH:  5    Dex: 11    Spells: 9/9 levels left

rFire   . . .        a - +3 whip (heavy)
rCold   . . .        c - +0 buckler
rNeg    . . .        s - +1 scale mail
rPois   .            (no helmet)
rElec   .            (no cloak)
rCorr   .            (no gloves)
SInv    .            (no boots)
Will    .....        (no amulet) Stlth
                     (no ring)
HPRegen 0.27/turn    (no ring)
MPRegen 0.11/turn

%: no passive effects
@: mighty, heavily drained
A: fangs 1, strong nose, distributed training
a: no special abilities


You were on level 4 of the Dungeon.
You visited 1 branch of the dungeon, and saw 4 of its levels.

You collected 159 gold pieces.

Inventory:

Hand Weapons
 a - a +3 heavy whip (weapon)
 b - a +2 dagger of speed
 v - a +0 war axe
Missiles
 g - 36 stones (quivered)
 w - 7 boomerangs
Armour
 c - a +0 buckler (worn)
 s - a +1 scale mail (worn)
Jewellery
 h - a ring of fire
Scrolls
 e - a scroll of magic mapping {unknown}
 k - a scroll of brand weapon
 m - a scroll of fog
 t - a scroll of fear
Potions
 j - a potion of heal wounds {unknown}
 l - a potion of cancellation {unknown}
 n - 2 potions of lignification {unknown}
 o - 3 potions of ambrosia
 p - 2 potions of resistance
 q - a potion of invisibility {unknown}
 r - 5 potions of curing


   Skills:
 + Level 6.8 Fighting
 + Level 2.0 Short Blades
 + Level 2.0 Long Blades
 + Level 5.0 Axes
 + Level 2.0 Maces & Flails
 + Level 2.0 Polearms
 + Level 2.0 Staves
 + Level 2.0 Ranged Weapons
 + Level 2.0 Throwing
 + Level 6.8 Armour
 + Level 2.0 Dodging
 + Level 2.0 Stealth
 + Level 6.8 Shields
 + Level 2.0 Unarmed Combat
 + Level 2.0 Spellcasting
 + Level 1.5 Conjurations
 + Level 1.5 Hexes
 + Level 1.5 Summonings
 + Level 1.5 Necromancy
 + Level 1.5 Translocations
 + Level 1.5 Transmutations
 + Level 1.5 Fire Magic
 + Level 1.5 Ice Magic
 + Level 1.5 Air Magic
 + Level 1.5 Earth Magic
 + Level 1.5 Poison Magic
 + Level 2.1 Invocations
 + Level 2.0 Evocations


You had 9 spell levels left.
You didn't know any spells.
Your spell library contained the following spells:

 Spells                   Type           Power      Damage    Failure   Level
 Sandblast                Erth           4%         2d4       56%         1
 Passwall                 Tmut/Erth      1%         N/A       71%         2
 Stone Arrow              Conj/Erth      4%         3d7       91%         3


Dungeon Overview and Level Annotations

Branches:
Dungeon (4/15)
 Temple: D:4-7

Altars:
Trog

Shops:
D:1 =

Annotations:
D:2 exclusion: goblin
D:4 Eustachio


Innate Abilities, Weirdness & Mutations

You have very sharp teeth.
Your uncanny sense of smell can sniff out nearby items.
Your experience applies equally to all skills.


Message History

Eustachio attacks as you move away! You block Eustachio's attack.
The bat hits you but does no damage. The iguana bites you!
You closely miss the iguana. The iguana bites you.
Eustachio hits you with a +5 rapier of draining.
You feel drained.
You closely miss the iguana. You bite the iguana, but do no damage.
The bat barely misses you. The iguana bites you.
Eustachio hits you with a +5 rapier of draining.
You feel drained. Eustachio closely misses you. The iguana closely misses you.
You feel very mighty all of a sudden. You block the bat's attack.
You block the iguana's attack. Eustachio barely misses you.
You barely miss the iguana. The iguana bites you.
* * * LOW HITPOINT WARNING * * *
Eustachio barely misses you.
You whack the iguana!
The iguana is heavily wounded.
You block the iguana's attack. Eustachio hits you but does no damage.
You feel drained. The bat closely misses you. The iguana closely misses you.
Eustachio hits you but does no damage.
You feel drained.
You hit the iguana. Your bite misses the iguana.
The iguana is almost dead.
The bat hits you but does no damage. You block the bat's attack.
The iguana barely misses you. Eustachio closely misses you.
The iguana hisses menacingly.
The iguana closely misses you.
Eustachio hits you with a +5 rapier of draining.
* * * LOW HITPOINT WARNING * * *
You feel drained.
You barely miss the iguana.
The iguana is almost dead.
You block the bat's attack. The iguana bites you!
* * * LOW HITPOINT WARNING * * *
You block Eustachio's attack.
You closely miss the iguana. You bite the iguana.
You kill the iguana!
The bat hits you.
* * * LOW HITPOINT WARNING * * *
Eustachio hits you with a +5 rapier of draining!
You die...

.... ##...... ∆ #......
##...... #...... ....
.##...... #... ......b.##
..># #......†@# ....#
##....#@## ##..#
#......r## #...##
......!..###....##..
#.........#........ ....
###............##.. ...
...............# ##.. ##
.......>.......####..##..
#...##.........#.##......


You could see Eustachio, a quokka (summoned) and a bat (summoned).

Vanquished Creatures
  An ogre (D:4)
  A hound (D:4)
  An orc priest (D:3)
  An iguana (D:4)
  5 adders
  2 worms (D:3)
  19 orcs
  6 endoplasms
  3 giant cockroaches
  8 goblins
  3 hobgoblins
  3 quokkas
  3 ball pythons
  4 bats
  2 frilled lizards
  3 kobolds
  8 rats
73 creatures vanquished.

Notes
Turn   | Place    | Note
-------+----------+-------------------------------------------
     0 | D:1      | AarnesTheHuman the Gnoll Fighter began the quest for the
                  | Orb.
     0 | D:1      | Reached XP level 1. HP: 23/23 MP: 1/1
    81 | D:1      | Reached XP level 2. HP: 27/29 MP: 2/2
   141 | D:1      | Found Hiatisch's Jewellery Shop.
   702 | D:2      | Reached XP level 3. HP: 31/35 MP: 3/3
   766 | D:2      | Reached skill level 1 in Invocations
   994 | D:2      | Reached skill level 1 in Short Blades
   994 | D:2      | Reached skill level 1 in Long Blades
   994 | D:2      | Reached skill level 1 in Maces & Flails
   994 | D:2      | Reached skill level 1 in Polearms
   994 | D:2      | Reached skill level 1 in Staves
   994 | D:2      | Reached skill level 1 in Ranged Weapons
   994 | D:2      | Reached skill level 1 in Throwing
   994 | D:2      | Reached skill level 1 in Dodging
   994 | D:2      | Reached skill level 1 in Stealth
   994 | D:2      | Reached skill level 1 in Unarmed Combat
   994 | D:2      | Reached skill level 1 in Spellcasting
   994 | D:2      | Reached skill level 1 in Evocations
  1093 | D:2      | Reached XP level 4. HP: 40/41 MP: 5/5
  1176 | D:2      | Found a bloodstained altar of Trog.
  1843 | D:3      | Reached skill level 1 in Conjurations
  1843 | D:3      | Reached skill level 1 in Hexes
  1843 | D:3      | Reached skill level 1 in Summonings
  1843 | D:3      | Reached skill level 1 in Necromancy
  1843 | D:3      | Reached skill level 1 in Translocations
  1843 | D:3      | Reached skill level 1 in Transmutations
  1843 | D:3      | Reached skill level 1 in Fire Magic
  1843 | D:3      | Reached skill level 1 in Ice Magic
  1843 | D:3      | Reached skill level 1 in Air Magic
  1843 | D:3      | Reached skill level 1 in Earth Magic
  1843 | D:3      | Reached skill level 1 in Poison Magic
  1964 | D:3      | Reached XP level 5. HP: 17/47 MP: 7/7
  2860 | D:4      | Noticed an ogre
  2869 | D:4      | Killed an ogre
  2870 | D:4      | Reached XP level 6. HP: 48/53 MP: 8/8
  2942 | D:4      | Noticed Eustachio
  2952 | D:4      | Reached skill level 5 in Axes
  2967 | D:4      | HP: 2/45 [bat[Eustachio] (1)]
  2967 | D:4      | Mangled by Eustachio

Illustrated notes

Levels and vault maps discovered:
D:1:      scummos_arrival_checkerplants, layout_rooms, serial_co_window_serial,
          co_window_paths_a, co_window_of_opportunity_a, co_window_corner_a,
          co_window_of_opportunity_a, co_window_paths_b, co_window_broadway_b,
          co_window_broadway_a, co_window_paths_c, co_window_of_opportunity_b,
          co_window_4corner_b, glass_columns_a, glass_columns_c,
          glass_columns_c, glass_columns_c, serial_shops, shop
D:2:      layout_basic, basic_altar, minmay_goblin_outpost
D:3:      layout_loops_corners, hangedman_decor_opposing, supply_closet_lemuel
D:4:      layout_cave_pools, uniq_eustachio

Skill      XL: |  1  2  3  4  5  6 |
---------------+-------------------+-----
Invocations    | 1 2 |  2.1
Short Blades   | 1 2 |  2.0
Long Blades    | 1 2 |  2.0
Maces & Flails | 1 2 |  2.0
Polearms       | 1 2 |  2.0
Staves         | 1 2 |  2.0
Ranged Weapons | 1 2 |  2.0
Throwing       | 1 2 |  2.0
Dodging        | 1 2 |  2.0
Stealth        | 1 2 |  2.0
Unarmed Combat | 1 2 |  2.0
Spellcasting   | 1 2 |  2.0
Evocations     | 1 2 |  2.0
Conjurations   | 1 |  1.5
Hexes          | 1 |  1.5
Summonings     | 1 |  1.5
Necromancy     | 1 |  1.5
Translocations | 1 |  1.5
Transmutations | 1 |  1.5
Fire Magic     | 1 |  1.5
Ice Magic      | 1 |  1.5
Air Magic      | 1 |  1.5
Earth Magic    | 1 |  1.5
Poison Magic   | 1 |  1.5
Axes           | 5 |  5.0
Fighting       | |  6.8
Armour         | |  6.8
Shields        | |  6.8

Action                     |  1- 3 |  4- 6 || total
---------------------------+-------+-------++-------
  Melee: War axe           |    69 |    93 ||   162
         Bite              |     5 |    16 ||    21
         Whip              |       |    30 ||    30
  Throw: Stone             |       |     1 ||     1
    Use: Scroll            |       |     9 ||     9
         Potion            |       |     1 ||     1
 Armour: Scale mail        |    36 |    37 ||    73
  Dodge: Dodged            |    33 |    60 ||    93
  Block: Buckler           |    15 |    43 ||    58
